 Dungeon Crawl Stone Soup version 0.22-a0-612-gd2f0174 (webtiles) character file.

3 Amnesiac the Magician (level 1, 0/14 HPs)
             Began as a Mummy Wizard on July 12, 2018.
             Slain by a leopard gecko (1 damage)
             ... on level 1 of the Dungeon.
             The game lasted 00:00:19 (120 turns).

Amnesiac the Magician (Mummy Wizard)                 Turns: 120, Time: 00:00:19

Health: 0/14       AC:  2    Str: 10    XL:     1   Next: 41%
Magic:  0/5        EV: 12    Int: 17    God:
Gold:   0          SH:  0    Dex: 10    Spells: 7/8 levels left

rFire    x . .     SeeInvis .   (no weapon)
rCold    + . .     Gourm    .   (no shield)
rNeg     + + +     Faith    .   a - +0 robe
rPois    ∞         Spirit   .   b - +0 hat
rElec    .         Reflect  .   (no cloak)
rCorr    .         Harm     .   (no gloves)
MR       .....                  (no boots)
Stlth    ++........             (no amulet)
HPRegen  0.04/turn              (no ring)
MPRegen  0.09/turn              (no ring)

@: no status effects
A: no food or potions, fire vulnerability, cold resistance 1, negative energy
resistance 3, torment resistance, unbreathing
a: no special abilities


You were on level 1 of the Dungeon.
You were not hungry.

You visited 1 branch of the dungeon, and saw 1 of its levels.

Inventory:

Armour
 a - a +0 robe (worn)
 b - a +0 hat (worn)
Scrolls
 c - a scroll of blinking {!r, unknown}
 d - a scroll of remove curse {!r, unknown}


   Skills:
 + Level 0.3 Fighting
 - Level 1.5 Dodging
 - Level 1.5 Stealth
 - Level 4.0 Spellcasting
 * Level 1.0 Conjurations
   Level 0.7 Summonings
   Level 0.7 Translocations


You had 7 spell levels left.
You knew the following spells:

 Your Spells              Type           Power        Failure   Level  Hunger
a - Magic Dart            Conj           #...         10%         1    N/A

Your spell library contained the following spells:

 Spells                   Type           Power        Failure   Level  Hunger
 Conjure Flame            Conj/Fire      #.......     36%         3    N/A
 Slow                     Hex            #.......     24%         2    N/A
 Mephitic Cloud           Conj/Pois/Air  #.......     38%         3    N/A
 Blink                    Tloc           N/A          19%         2    N/A
 Call Imp                 Summ           #.......     19%         2    N/A

Dungeon Overview and Level Annotations

Branches:
Dungeon (1/15)

Altars:


Innate Abilities, Weirdness & Mutations

You do not eat or drink.
Your flesh is vulnerable to fire.
You are immune to poison.
Your flesh is cold resistant. (rC+)
You are immune to negative energy. (rN+++)
You are immune to unholy pain and torment.
You can survive without breathing.


Message History

Casting: Magic Dart (safe; 10% risk of failure)
Confirm with . or Enter, or press ? or * to list all spells.
You don't have enough magic to cast that spell.
You hit the leopard gecko but do no damage.
The leopard gecko is heavily wounded.
The leopard gecko bites you but does no damage.
You barely miss the leopard gecko.
The leopard gecko is heavily wounded.
The leopard gecko barely misses you.
Casting: Magic Dart (safe; 10% risk of failure)
Confirm with . or Enter, or press ? or * to list all spells.
Aiming: Magic Dart (safe; 10% risk of failure)
Press: ? - help, Shift-Dir - straight line, f/p - leopard gecko
Aim: a leopard gecko (heavily wounded, clinging)
The magic dart hits the leopard gecko.
The leopard gecko is almost dead.
The leopard gecko bites you.
You closely miss the leopard gecko.
The leopard gecko is almost dead.
The leopard gecko bites you. x2
* * * LOW HITPOINT WARNING * * *
Casting: Magic Dart (safe; 10% risk of failure)
Confirm with . or Enter, or press ? or * to list all spells.
You don't have enough magic to cast that spell.
Casting: Magic Dart (safe; 10% risk of failure)
Confirm with . or Enter, or press ? or * to list all spells.
You don't have enough magic to cast that spell.
You miss the leopard gecko.
The leopard gecko is severely wounded.
The leopard gecko barely misses you.
Casting: Magic Dart (safe; 10% risk of failure)
Confirm with . or Enter, or press ? or * to list all spells.
You don't have enough magic to cast that spell.
You barely miss the leopard gecko.
The leopard gecko is severely wounded.
The leopard gecko bites you.
* * * LOW HITPOINT WARNING * * *
Casting: Magic Dart (safe; 10% risk of failure)
Confirm with . or Enter, or press ? or * to list all spells.
You don't have enough magic to cast that spell.
Casting: Magic Dart (safe; 10% risk of failure)
Confirm with . or Enter, or press ? or * to list all spells.
You don't have enough magic to cast that spell.
You closely miss the leopard gecko.
The leopard gecko is severely wounded.
The leopard gecko closely misses you.
Casting: Magic Dart (safe; 10% risk of failure)
Confirm with . or Enter, or press ? or * to list all spells.
You don't have enough magic to cast that spell.
You miss the leopard gecko.
The leopard gecko is severely wounded.
The leopard gecko misses you.
Unknown command.
Casting: Magic Dart (safe; 10% risk of failure)
Confirm with . or Enter, or press ? or * to list all spells.
You don't have enough magic to cast that spell.
You hit the leopard gecko.
The leopard gecko is almost dead.
The leopard gecko misses you. The leopard gecko barely misses you.
Unknown command.
You miss the leopard gecko.
The leopard gecko is almost dead.
The leopard gecko bites you.
You die...

.##...# ..... # ##
.... # #######.# #.
...
.##.#.....#.##..#...
....#..<..#.....#..
.#..#.....#..#..#.#
[.#.#.....#....#..
...##'''##.#.##l#
##............##@#
.#...###.....#..#
...#.....#.....##
#......##.#....##
...... #..###.#
..### ##.)(..#
####..# ####


You could see a leopard gecko.

Vanquished Creatures
  A goblin (D:1)
  A hobgoblin (D:1)
  A rat (D:1)
3 creatures vanquished.

Notes
Turn   | Place    | Note
-------+----------+-------------------------------------------
     0 | D:1      | Amnesiac the Mummy Wizard began the quest for the Orb.
     0 | D:1      | Reached XP level 1. HP: 13/13 MP: 5/5
    39 | D:1      | Reached skill level 1 in Conjurations
   120 | D:1      | Slain by a leopard gecko

Vault maps used:
D:1:      dpeg_arrival_windows_large_door

Skill      XL: |  1 |
---------------+----+-----
Conjurations   | 1 |  1.0
Fighting       | |  0.3
Dodging        | |  1.5
Stealth        | |  1.5
Spellcasting   | |  4.0
Summonings     | |  0.7
Translocations | |  0.7

Action                   || total
-------------------------++-------
Melee: Unarmed           ||    15
 Cast: Magic Dart        ||    13
Armor: Robe              ||     2
Dodge: Dodged            ||    12

Table legend:
 A = Spawn XP
 B = Non-spawn XP
 C = Spawn XP percentage of total XP
 D = Spawn monster count
 E = Non-spawn monster count
 F = Spawn count percentage of total count
 G = Total turns spent on level
                    A         B        C        D         E        F      G
               +---------+---------+-------+---------+---------+-------+---------
         Total |       0 |       5 |   0.0 |       0 |       3 |   0.0 |   120
               +---------+---------+-------+---------+---------+-------+---------
           D:1 |       0 |       5 |   0.0 |       0 |       3 |   0.0 |   120
               +---------+---------+-------+---------+---------+-------+---------
